 Dungeon Crawl Stone Soup version 0.21.1-1-g345015fe64 (webtiles) character file.

348 Ivernyr the Charmwright (level 6, -9/47 HPs)
             Began as a Demonspawn Skald on May 1, 2018.
             Killed by nerve-wracking pain
             ... invoked by an orc priest
              (13 damage)
             ... on level 2 of the Dungeon.
             The game lasted 00:15:27 (3862 turns).

Ivernyr the Charmwright (Demonspawn Skald)          Turns: 3862, Time: 00:15:28

Health: -9/47      AC:  6    Str:  6 (11) XL:     6   Next: 33%
Magic:  3/9        EV: 11    Int: 12 (15) God:
Gold:   71         SH:  0    Dex: 13 (14) Spells: 4/9 levels left

rFire    + . .     SeeInvis +   a - +0 falchion
rCold    . . .     Gourm    .   (no shield)
rNeg     . . .     Faith    .   b - +0 leather armour
rPois    .         Spirit   .   (helmet restricted)
rElec    .         Reflect  .   (no cloak)
rCorr    +         Harm     .   (no gloves)
MR       .....                  (no boots)
Stlth    +.........             (no amulet)
HPRegen  0.15/turn              j - ring of see invisible
MPRegen  0.11/turn              k - ring of resist corrosion

@: very slightly contaminated
A: antennae 2, talons 1, slimy green scales 2, deterioration 2, fire resistance
1
a: no special abilities


You were on level 2 of the Dungeon.
You were not hungry.

You visited 1 branch of the dungeon, and saw 3 of its levels.

You collected 71 gold pieces.

Inventory:

Hand Weapons
 a - a +0 falchion (weapon)
Armour
 b - a +0 leather armour (worn)
Jewellery
 j - a ring of see invisible (left hand)
 k - a ring of resist corrosion (right hand)
Scrolls
 h - a scroll of teleportation {unknown}
 i - 2 scrolls of remove curse {unknown}
 l - a scroll of fog {unknown}
 m - a scroll of noise {unknown}
 n - a scroll of identify {unknown}
 p - 2 scrolls of blinking {unknown}
 r - a scroll of enchant weapon {unknown}
 t - a scroll of fear {unknown}
Potions
 e - a potion of invisibility {unknown}
 g - a potion of lignification
 q - 2 potions of curing
Books
 c - a book of Battle

   Spells                             Type                      Level
   a - Infusion                       Charms                       1
   b - Shroud of Golubria             Charms/Translocation         2
   c - Song of Slaying                Charms                       2
   d - Spectral Weapon                Hexes/Charms                 3
   e - Regeneration                   Charms/Necromancy            3
Comestibles
 d - 12 rations
 f - 6 chunks of flesh


   Skills:
 + Level 3.4 Fighting
 + Level 3.1 Long Blades
 * Level 3.7 Armour
 - Level 1.7 Dodging
 - Level 2.0 Spellcasting
 + Level 3.7 Charms


You had 4 spell levels left.
You knew the following spells:

 Your Spells              Type           Power        Failure   Level  Hunger
a - Shroud of Golubria    Chrm/Tloc      #.........   28%         2    ###....
b - Song of Slaying       Chrm           ##......     13%         2    ###....
c - Infusion              Chrm           ##..         9%          1    ##.....


Dungeon Overview and Level Annotations

Branches:
Dungeon (3/15)

Altars:
Trog
Uskayaw
Wu Jian


Innate Abilities, Weirdness & Mutations

You have a pair of antennae on your head.
You are mostly covered in slimy green scales. (AC +3)
Your flesh is heat resistant. (rF+)
You have sharp toenails.
Your body often deteriorates upon taking damage.


Message History

Your kick misses the orc. The orc priest hits you with a war axe!
Your body deteriorates!
You feel weakened.
Casting: Shroud of Golubria
Confirm with . or Enter, or press ? or * to list all spells.
Space distorts slightly along a thin shroud covering your body.
The orc hits you with a mace.
* * * LOW HITPOINT WARNING * * *
Your body deteriorates!
You feel weakened.
Your shroud falls apart!
The orc priest closely misses you.
You hit the orc priest but do no damage.
The orc priest is moderately wounded.
The orc completely misses you. The orc priest hits you with a war axe!
* * * LOW HITPOINT WARNING * * *
Your body deteriorates!
You feel dopey.
You hit the orc priest but do no damage.
The orc priest is moderately wounded.
The orc closely misses you.
The orc priest mumbles some strange prayers to Beogh against you.
Pain shoots through your body!
You die...

#....###.(...)......# #.####
#.8..._...8..# #.####
#....###.....#
####.##.#####.......##.##########
#........###........##.........†.
#.........##.#####.#########.####
#..).......#.# #.##### #.....
#......).....# ###.....#####..###
#<.........### #@o............#
#.........## #o#.###.#####.##
#........## #.#.# #.# #.#
##.####.########.#.###.### #.###
#.# #..................# #...##
#.# #..######.##...###.###.#..)
#.# #..# #......###.......≈. #.#
#..# ####.......≈.≈≈.≈P≈ #.# #..#
##.##.....)≈≈≈P≈≈≈


You could see an orc priest and an orc.

Vanquished Creatures
  Sigmund (D:2)
  An orc wizard (D:2)
  Terence (D:3)
  Robin (D:2)
  4 adders
  An ooze (D:3)
  A worm (D:2)
  A dart slug (D:2)
  2 leopard geckos (D:2)
  2 orcs (D:2)
  8 bats
  3 giant cockroaches
  19 goblins
  11 hobgoblins
  2 jackals (D:1)
  4 kobolds
  3 quokkas
  3 ball pythons
  2 frilled lizards (D:2)
  7 rats
77 creatures vanquished.

Notes
Turn   | Place    | Note
-------+----------+-------------------------------------------
     0 | D:1      | Ivernyr the Demonspawn Skald began the quest for the Orb.
     0 | D:1      | Reached XP level 1. HP: 16/16 MP: 3/3
    23 | D:1      | Reached skill level 1 in Armour
   240 | D:1      | Gained mutation: You have a pair of small antennae on your head. [demonic ancestry]
   240 | D:1      | Reached XP level 2. HP: 20/22 MP: 5/5
   250 | D:1      | Learned a level 2 spell: Song of Slaying
   253 | D:1      | Learned a level 2 spell: Shroud of Golubria
   707 | D:2      | Gained mutation: Your flesh is heat resistant. (rF+) [demonic ancestry]
   707 | D:2      | Reached XP level 3. HP: 14/28 MP: 2/6
  1634 | D:2      | Gained mutation: You have a pair of antennae on your head. [demonic ancestry]
  1634 | D:2      | Reached XP level 4. HP: 27/34 MP: 1/7
  1735 | D:2      | Noticed Robin
  1747 | D:2      | Found an ornate altar of the Wu Jian Council.
  2022 | D:2      | Killed Robin
  2132 | D:2      | Found a bloodstained altar of Trog.
  2369 | D:2      | Found a hide-covered altar of Uskayaw.
  2398 | D:2      | Noticed Sigmund
  2582 | D:2      | Gained mutation: Your body sometimes deteriorates upon taking damage. [potion of mutation]
  2582 | D:2      | Gained mutation: Your body often deteriorates upon taking damage. [potion of mutation]
  2582 | D:2      | Gained mutation: You have sharp toenails. [potion of mutation]
  2770 | D:2      | Killed Sigmund
  2770 | D:2      | Gained mutation: You are partially covered in slimy green scales. (AC +2) [demonic ancestry]
  2770 | D:2      | Reached XP level 5. HP: 12/41 MP: 6/8
  3184 | D:3      | Gained mutation: You are mostly covered in slimy green scales. (AC +3) [demonic ancestry]
  3184 | D:3      | Reached XP level 6. HP: 47/47 MP: 9/9
  3316 | D:3      | Noticed Terence
  3363 | D:3      | Killed Terence
  3862 | D:2      | Killed from afar by an orc priest

Skill      XL: |  1  2  3  4 |
---------------+-------------+-----
Armour         | 1 2 3 |  3.7
Long Blades    | 2 3 |  3.1
Charms         | 3 |  3.7
Fighting       | 3 |  3.4
Dodging        | |  1.7
Spellcasting   | |  2.0

Action                   |  1- 3 |  4- 6 || total
-------------------------+-------+-------++-------
Melee: Falchion          |   134 |   144 ||   278
       Kick              |       |    17 ||    17
 Cast: Shroud of Golubri |     6 |    15 ||    21
       Song of Slaying   |       |     3 ||     3
  Use: Potion            |       |     8 ||     8
  Eat: Chunk             |     3 |     6 ||     9
       Ration            |       |     1 ||     1
Armor: Leather armour    |    50 |    45 ||    95
       Skin              |       |     5 ||     5
Dodge: Dodged            |   143 |   122 ||   265
       Rpst.: Falchion   |    49 |    37 ||    86
